 Dungeon Crawl Stone Soup version 0.29.1-15-g9cfb28693d (webtiles) character file.

Game seed: 7868714510111336010

121 javelincjr the Magician (level 5, -4/35 HPs)
             Began as a Djinni Conjurer on Mar 6, 2023.
             Was an Initiate of Hepliaklqana.
             Slain by Pargi (5 damage)
             ... on level 3 of the Dungeon.
             The game lasted 00:07:39 (3045 turns).

javelincjr the Magician (Djinni Conjurer)           Turns: 3045, Time: 00:07:39

Health: -4/35      AC:  2    Str:  8    XL:     5   Next: 26%
Gold:   152        EV: 12    Int: 20    God:    Hepliaklqana [......] SH:  0 Dex: 11

rFire   + + .      SeeInvis +   d - +0 short sword
rCold   x . .      Faith    .   (no shield)
rNeg    . . .      Spirit   .   a - +0 robe
rPois   ∞          Reflect  .   (no helmet)
rElec   .          Harm     .   (no cloak)
rCorr   .          Rampage  .   (no gloves)
Will    .....                   (boots unavailable)
Stlth   ++........              (no amulet)
HPRegen 0.11/turn               i - ring of see invisible
MPRegen 0.00/turn               (no ring)

@: mighty, flying
A: sickness immunity, fire resistance 2, cold vulnerability 1, float, innate
caster, HP casting, extra vitality 1
a: Renounce Religion


You were on level 3 of the Dungeon.
You worshipped Hepliaklqana.
Hepliaklqana was noncommittal.
You visited 1 branch of the dungeon, and saw 3 of its levels.

You collected 198 gold pieces.
You spent 46 gold pieces at shops.

Inventory:

Hand Weapons
 d - a +0 short sword (weapon)
Armour
 a - a +0 robe (worn)
 m - a +0 pair of gloves
Jewellery
 i - a ring of see invisible (left hand)
 j - a ring of wizardry
Scrolls
 c - 3 scrolls of identify {unknown}
 g - a scroll of enchant weapon {unknown}
 k - a scroll of noise {unknown}
 l - a scroll of vulnerability {unknown}
Potions
 b - 3 potions of might
 f - a potion of magic {unknown}
 h - a potion of cancellation {unknown}
 n - a potion of haste {unknown}


   Skills:
 + Level 3.6 Dodging
 + Level 2.8 Stealth
 + Level 3.9 Spellcasting


You couldn't memorise any spells.
You knew the following spells:

 Your Spells              Type           Power      Damage    Failure   Level
a - Magic Dart            Conj           76%        1d6       2%          1
b - Searing Ray           Conj           38%        2d5       4%          2
c - Dazzling Flash        Conj/Hex       38%        N/A       8%          3
d - Fulminant Prism       Conj/Hex       9%         3d7       26%         4
e - Iskenderun's Mystic   Conj/Tloc      19%        2d6       26%         4
f - Slow                  Hex            76%        N/A       2%          1
g - Ensorcelled Hibernat  Hex/Ice        38%        N/A       4%          2
Your spell library was empty.

Dungeon Overview and Level Annotations

Branches:
Dungeon (3/15)

Altars:
Hepliaklqana

Shops:
D:2 *

Annotations:
D:3 Pargi


Innate Abilities, Weirdness & Mutations

You are immune to sickness and miasma.
You are immune to poison.
Your flesh is very heat resistant. (rF++)
You are vulnerable to cold. (rC-)
You float through the air rather than walking.
You learn spells naturally, not from books.
Your magical power is your life essence.
You have superior vitality. (+4 MHP)


Message History

Confirm with . or Enter, or press ? or * to list all spells.
The spell is extremely dangerous to miscast (26% risk of failure)!
Continue anyway?
Aiming: Fulminant Prism (extremely dangerous; 26% risk of failure)
Press: ? - help, Dir - move target You conjure a prism of explosive energy!
A fulminant prism comes into view.
Your fulminant prism crackles loudly.
Pargi completely misses your fulminant prism.
Pargi claws your fulminant prism. x2
Your fulminant prism explodes!
The blast of energy engulfs Pargi!
Pargi is moderately wounded.
Casting: Fulminant Prism (extremely dangerous; 26% risk of failure)
Confirm with . or Enter, or press ? or * to list all spells.
The spell is extremely dangerous to miscast (26% risk of failure)!
Continue anyway? [Y]es or [N]o only, please.
The spell is extremely dangerous to miscast (26% risk of failure)!
Continue anyway?
Okay, then.
You reach down and close the door.
Pargi breaks down the door.
Casting: Fulminant Prism (extremely dangerous; 26% risk of failure)
Confirm with . or Enter, or press ? or * to list all spells.
The spell is extremely dangerous to miscast (26% risk of failure)!
Continue anyway?
You erupt in a blast of force!
The mystic blast hits Pargi!
Pargi is moderately wounded.
Pargi bites you. Pargi claws you. x2
* * * LOW HITPOINT WARNING * * *
It was a potion of curing.
You feel better. Pargi bites you.
* * * LOW HITPOINT WARNING * * *
Pargi closely misses you. x2
It was a potion of might.
You feel very mighty all of a sudden. Pargi bites you.
* * * LOW HITPOINT WARNING * * *
Pargi closely misses you. Pargi claws you but does no damage.
d - a +0 short sword (weapon)
You hit Pargi.
Pargi is heavily wounded.
Pargi bites you.
You die...

.........#
#...###....
.........# #..)...#
.........# ###....#
.....?...#####....#
.........##.......#
..........†.......#
......###'###.....#
###.#.T...#.....#
#.#@....#.....#
#.#.._..#.#.###
#.#.(...#...#
#.#.....#.#.#
#.#######.#.#
#.........#
###.........#
###########


You could see Pargi.

Vanquished Creatures
  A scorpion (D:3)
  An adder (D:3)
  2 worms (D:2)
  A dart slug (D:2)
  6 ball pythons
  4 endoplasms
  3 giant cockroaches
  5 hobgoblins
  10 jackals
  2 quokkas
  2 bats
  A frilled lizard (D:2)
  3 goblins
  6 kobolds
  A rat (D:1)
48 creatures vanquished.

Vanquished Creatures (others)
  5 fulminant prisms (D:3)
5 creatures vanquished.

Grand Total: 53 creatures vanquished

Notes
Turn   | Place    | Note
-------+----------+-------------------------------------------
     0 | D:1      | javelincjr the Djinni Conjurer began the quest for the Orb.
     0 | D:1      | javelincjr set off with the following spells memorised:
                  | Magic Dart, Searing Ray, Dazzling Flash, Fulminant Prism,
                  | Iskenderun's Mystic Blast.
     0 | D:1      | Reached XP level 1. HP: 15/15 MP: 0/0
   394 | D:1      | Reached XP level 2. HP: 17/21 MP: 0/0
   975 | D:1      | Reached XP level 3. HP: 23/25 MP: 0/0
   975 | D:1      | Learned a level 1 spell: Slow
  1023 | D:1      | Found a faded altar of an unknown god.
  2208 | D:2      | Reached XP level 4. HP: 19/31 MP: 0/0
  2568 | D:2      | Found Som Uff's Assorted Antiques.
  2576 | D:2      | Bought a brown potion for 23 gold pieces
  2576 | D:2      | Bought a brown potion for 23 gold pieces
  2964 | D:3      | Found a hazy altar of Hepliaklqana.
  2973 | D:3      | Noticed a scorpion
  2983 | D:3      | Became a worshipper of Hepliaklqana the Forgotten
  2989 | D:3      | Noticed Pargi
  2991 | D:3      | Killed a scorpion
  2992 | D:3      | Reached XP level 5. HP: 26/35 MP: 0/0
  2992 | D:3      | Learned a level 2 spell: Ensorcelled Hibernation
  3043 | D:3      | HP: 1/35 [Pargi (6)]
  3045 | D:3      | Slain by Pargi

Illustrated notes

Levels and vault maps discovered:
D:1:      minmay_arrival_widening_spiral_wide, layout_loops_ring,
          chequers_ecumenical_altar_grove
D:2:      layout_basic, serial_shops, shop_statue, minmay_misc_feat_pillars
D:3:      layout_basic, lightli_temple_of_fire, amcnicky_altar_gilded,
          lemuel_tele_altar, chequers_serial_rivers_small_b,
          kennysheep_cross_room, uniq_pargi, uniq_crazy_yiuf_cottage

Skill      XL: |  1  2  3 |
---------------+----------+-----
Stealth        | 2 |  2.8
Dodging        | 3 |  3.6
Spellcasting   | |  3.9

Action                   |  1- 3 |  4- 6 || total
-------------------------+-------+-------++-------
Melee: Short sword       |       |     1 ||     1
 Cast: Magic Dart        |    80 |    11 ||    91
       Searing Ray       |     3 |     2 ||     5
       Fulminant Prism   |       |     5 ||     5
       Iskenderun's Myst |       |     1 ||     1
  Use: Potion            |       |     2 ||     2
Armor: Robe              |     1 |     1 ||     2
Dodge: Dodged            |    11 |     4 ||    15
